 Dungeon Crawl Stone Soup version 0.21-a0-78-g82a99e0 (webtiles) character file.

0 4thArraOfDagon the Caller (level 1, 0/7 HPs)
             Began as a Felid Summoner on June 21, 2017.
             Succumbed to an adder's poison
             ... on level 3 of the Dungeon.
             The game lasted 00:01:08 (265 turns).

4thArraOfDagon the Caller (Felid Summoner)           Turns: 265, Time: 00:01:08

Health: 0/7        AC:  1    Str:  4    XL:     1   Next: 8%
Magic:  3/4        EV: 18    Int: 16    God:
Gold:   68         SH:  0    Dex: 16    Spells: 3/4 levels left
                                        Lives:  0   Deaths: 0

rFire    . . .     SeeInvis +   (weapon unavailable)
rCold    . . .     Gourm    .   (shield unavailable)
rNeg     . . .     Faith    .   (armour unavailable)
rPois    .         Spirit   .   (helmet unavailable)
rElec    .         Reflect  .   (cloak unavailable)
rCorr    .         Harm     .   (gloves unavailable)
MR       .....                  (boots unavailable)
Stlth    +++.......             (no amulet)
HPRegen  0.02/turn              (no ring)
MPRegen  0.09/turn              (no ring)

@: lethally poisoned (0 -> -9), quick
A: no armour, no weapons or thrown items, stealth, claws 1, fangs 3, see
invisible, carnivore 3, speed 1, shaggy fur 1, slow metabolism 1, sharp paws
a: no special abilities


You were on level 3 of the Dungeon.
You were not hungry.

You visited 1 branch of the dungeon, and saw 3 of its levels.

You collected 68 gold pieces.

Inventory:

Scrolls
 d - a scroll of enchant weapon {unknown}
 e - a scroll of identify {unknown}
Potions
 c - a potion of invisibility {unknown}
 f - a potion of flight {unknown}
Books
 a - a book of Callings

   Spells                             Type                      Level
   a - Summon Small Mammal            Summoning                    1
   b - Call Imp                       Summoning                    2
   c - Call Canine Familiar           Summoning                    3
   d - Summon Guardian Golem          Hexes/Summoning              3
   e - Summon Lightning Spire         Summoning/Air                4
   f - Summon Ice Beast               Ice/Summoning                4
Comestibles
 b - a meat ration


   Skills:
 - Level 2.6 Dodging
 - Level 2.6 Stealth
 * Level 0.2 Unarmed Combat
 - Level 2.0 Spellcasting
 - Level 4.0 Summonings


You had 3 spell levels left.
You knew the following spells:

 Your Spells              Type           Power        Failure   Level  Hunger
a - Summon Small Mammal   Summ           ##..         4%          1    #......


Dungeon Overview and Level Annotations

Branches:
Dungeon (3/15)

Altars:


Innate Abilities, Weirdness & Mutations

You cannot wear armour.
You are incapable of wielding weapons or throwing items.
Your paws allow you to move quietly. (Stealth)
You have sharp claws.
You have razor-sharp teeth.
You have supernaturally acute eyesight. (SInv)
You are carnivorous and can eat meat at any time.
You cover ground quickly.
You are covered in fur. (AC +1)
You have a slow metabolism.
Your sharp claws are effective at attacking unaware monsters.


Message History

The adder bites you.
Ouch! That really hurt!
You are lethally poisoned!
The adder poisons you!
* * * LOW HITPOINT WARNING * * *
You feel sick.
Unknown command.
Unknown command.
You swap places.
Your rat closely misses the adder.
The adder bites your rat but does no damage.
Unknown command.
The adder closely misses your rat.
Your rat misses the adder.
Unknown command.
The adder barely misses your rat.
Your rat completely misses the adder.
* * * LOW HITPOINT WARNING * * *
You feel sick. The adder bites your rat.
Your rat dies!
Your rat's corpse disappears in a puff of smoke!
Found a stone staircase leading down.
A kobold comes into view.
You die...

### >. ########.#####
..K..........#
########.@.# #.# # #
...........# #.#.#.# #.#
####......###.#.#.# #.#
#.............. ..l
##.#...###.#.#.# #K#
#.#.........#.# #.#
#K#S#(###.#.#.# #.#
##########...(.......#.#
##'##
#.....K....#.#.###.#.#.#
#....


You could see an adder and a kobold (sleeping).

Vanquished Creatures
  A kobold (D:3)
1 creature vanquished.

Notes
Turn   | Place    | Note
-------+----------+-------------------------------------------
     0 | D:1      | 4thArraOfDagon the Felid Summoner began the quest for the Orb.
     0 | D:1      | Reached XP level 1. HP: 7/7 MP: 4/4
   265 | D:3      | Succumbed to an adder's poison

Vault maps used:
D:1:      dpeg_arrival_three_bigger_balls
D:2:      kiku_gazebo_pond_becter, nicolae_qazlal_style_of_elements,
          uniq_natasha
D:3:      chequers_ecumenical_altar_simple, kennysheep_generic_room_8

Action                   || total
-------------------------++-------
Melee: Unarmed           ||     3
 Cast: Summon Small Mamm ||     1
 Stab: Sleeping          ||     1
Armor: Skin              ||     1
Dodge: Dodged            ||     5
